 Dungeon Crawl Stone Soup version 0.26.1-11-gd32895ea62 (webtiles) character file.

Game seed: 9491733190513829341

46 infcreate the Sneak (level 3, -1/20 HPs)
             Began as a Vampire Enchanter on July 10, 2021.
             Slain by Crazy Yiuf
             ... wielding a +3 quarterstaff of chaos
              (12 damage)
             ... while paralysed by Crazy Yiuf
             ... on level 2 of the Dungeon.
             The game lasted 00:08:57 (2232 turns).

infcreate the Sneak (Vampire Enchanter)             Turns: 2232, Time: 00:08:58

Health: -1/20      AC:  3    Str:  7    XL:     3   Next: 46%
Magic:  1/6        EV:  2    Int: 17    God:
Gold:   204        SH:  0    Dex: 15    Spells: 0/6 levels left

rFire    . . .     SeeInvis +   k - +1 dagger (venom)
rCold    + + .     Faith    .   (no shield)
rNeg     + + +     Spirit   .   b - +1 robe
rPois    ∞         Reflect  .   (no helmet)
rElec    .         Harm     .   (no cloak)
rCorr    .         Rampage  .   (no gloves)
Will     .....                  (no boots)
Stlth    +++++.....             (no amulet)
HPRegen  0.00/turn              (no ring)
MPRegen  0.10/turn              (no ring)

@: paralysed, confusing touch, very slightly contaminated, bloodless
A: fangs 3, see invisible, unbreathing
a: Bat Form, Revivify


You were on level 2 of the Dungeon.
You visited 1 branch of the dungeon, and saw 2 of its levels.

You collected 204 gold pieces.


Innate Abilities, Weirdness & Mutations

You do not regenerate when monsters are visible.
You are frail without blood (-20% HP).
You can heal yourself when you bite living creatures.
You are immune to poison.
You have razor-sharp teeth.
You have supernaturally acute eyesight. (SInv)
You can survive without breathing.


   Skills:
 + Level 0.6 Fighting
 + Level 1.6 Short Blades
 * Level 2.7 Dodging
 * Level 5.3 Stealth
 + Level 2.2 Spellcasting
 + Level 4.7 Hexes


You couldn't memorise any spells.
You knew the following spells:

 Your Spells              Type           Power        Failure   Level
c - Corona                Hex            20%          2%          1
e - Ensorcelled Hibernat  Hex/Ice        18%          11%         2
t - Confusing Touch       Hex            18%          9%          3

Your spell library contained the following spells:

 Spells                   Type           Power        Failure   Level
 Tukima's Dance           Hex            18%          9%          3
 Dazzling Flash           Conj/Hex       18%          22%         3

Inventory:

Hand Weapons
 k - a +1 dagger of venom (weapon)
Armour
 b - a +1 robe (worn)
Scrolls
 c - 5 scrolls of identify {@r1}
 d - 2 scrolls of remove curse {@r2}
 e - a scroll of immolation
 g - 4 scrolls of enchant armour
 i - a scroll of teleportation {@r4}
Potions
 f - a potion of brilliance
 h - 2 potions of attraction
 j - a potion of heal wounds {@q2}

Dungeon Overview and Level Annotations

Branches:
Dungeon (2/15)

Altars:
Cheibriados
Gozag
Hepliaklqana
Kikubaaqudgha
Okawaru
Ru
Wu Jian

Annotations:
D:2 Crazy Yiuf

##########.####....#
...........# #....#
........#### #PP..#
........# ##PP.#
........# ##.##
........# ##.#
........# #.##
........# ##.#
........#### #@##
........#..# ▒g▒
...........# ...
##.###...### ▒...▒
...........# ▒)..▒
...........# ▒▒▒▒▒
...........#
...........######
................#


You could see Crazy Yiuf.


Message History

j - a potion of heal wounds
As you read the scroll of identify {@r1}, it crumbles to dust.
f - a potion of brilliance
Found 11 gold pieces.
You now have 204 gold pieces (gained 11).
Found a mace.
Found a runed translucent door.
As you open the door, it creaks loudly!
Crazy Yiuf shouts!
Casting: Ensorcelled Hibernation (safe; 11% risk of failure)
Confirm with . or Enter, or press ? or * to list all spells.
Aiming: Ensorcelled Hibernation (safe; 11% risk of failure)
Press: ? - help, Shift-Dir - straight line, f - Crazy Yiuf
Aim: Crazy Yiuf, wielding a +3 quarterstaff of chaos and wearing a +0 cloak (chance to affect: 50%)
You miscast Ensorcelled Hibernation.
You are very lightly contaminated with residual magic.
Nothing appears to happen.
Casting: Ensorcelled Hibernation (safe; 11% risk of failure)
Confirm with . or Enter, or press ? or * to list all spells.
The spell is quite dangerous to cast (9% risk of failure)!
Continue anyway?
Your hands begin to glow red.
You barely miss Crazy Yiuf.
Crazy Yiuf hits you with a +3 quarterstaff of chaos.
Crazy Yiuf burns you.
You hit Crazy Yiuf but do no damage.
Crazy Yiuf says, "Lay song light!"
Crazy Yiuf hits you with a +3 quarterstaff of chaos.
You suddenly lose the ability to move!
Crazy Yiuf cries, "You leg down broken song, no?"
Crazy Yiuf hits you with a +3 quarterstaff of chaos!
Ouch! That really hurt!
You die...

Skill      XL: |  1  2 |
---------------+-------+-----
Stealth        | 5 |  5.3
Fighting       | |  0.6
Short Blades   | |  1.6
Dodging        | |  2.7
Spellcasting   | |  2.2
Hexes          | |  4.7

Action                   || total
-------------------------++-------
Melee: Dagger            ||    61
       Bite              ||     1
 Cast: Corona            ||     5
       Ensorcelled Hiber ||    22
       Confusing Touch   ||     2
 Abil: Exsanguinate      ||     1
  Use: Scroll            ||     7
 Stab: Sleeping          ||    26
       Confused          ||     1
Armor: Robe              ||    10
Dodge: Dodged            ||    28

Levels and vault maps discovered:
D:1:      minmay_arrival_nine_rooms, layout_loops_ring,
          corexii_item_surrounded_by_moat
D:2:      layout_rooms, minitemple, minmay_cut_off, uniq_crazy_yiuf_cottage

Notes
Turn   | Place    | Note
-------+----------+-------------------------------------------
     0 | D:1      | infcreate the Vampire Enchanter began the quest for the
                  | Orb.
     0 | D:1      | Reached XP level 1. HP: 13/13 MP: 3/3
   764 | D:1      | Reached XP level 2. HP: 15/15 MP: 5/5
   767 | D:1      | Learned a level 2 spell: Ensorcelled Hibernation
  1304 | D:2      | Found an opulent altar of Gozag.
  1350 | D:2      | Found an ancient bone altar of Kikubaaqudgha.
  1350 | D:2      | Found a snail-covered altar of Cheibriados.
  1350 | D:2      | Found an iron altar of Okawaru.
  1351 | D:2      | Found a hazy altar of Hepliaklqana.
  1352 | D:2      | Found an ornate altar of the Wu Jian Council.
  1353 | D:2      | Found a sacrificial altar of Ru.
  1408 | D:1      | Reached skill level 5 in Stealth
  1606 | D:2      | Reached XP level 3. HP: 20/20 MP: 6/6
  1610 | D:2      | Learned a level 3 spell: Confusing Touch
  2223 | D:2      | Found a runed translucent door.
  2224 | D:2      | Noticed Crazy Yiuf
  2231 | D:2      | Paralysed by Crazy Yiuf for 3 turns
  2232 | D:2      | Slain by Crazy Yiuf

Vanquished Creatures
  An ooze (D:1)
  A worm (D:2)
  3 dart slugs
  3 bats
  4 giant cockroaches
  5 goblins
  2 hobgoblins (D:1)
  2 quokkas (D:2)
  4 frilled lizards
  2 kobolds (D:1)
  6 rats
33 creatures vanquished.

Table legend: (Time is in decaauts)
 A = Elapsed time spent in this place.
 B = Non-inter-level travel time spent in this place.
 C = Inter-level travel time spent in this place.
 D = Time resting spent in this place.
 E = Time spent auto-exploring this place.
 F = Levels seen in this place.
 G = Mean time per level.
                   A        B        C        D        E       F      G
               +--------+--------+--------+--------+--------+-----+--------+
         Total |   2231 |   2014 |    217 |    865 |      0 |   2 | 1115.5 |
       Dungeon |   2231 |   2014 |    217 |    865 |      0 |   2 | 1115.5 |
               +--------+--------+--------+--------+--------+-----+--------+

Top non-repeatable levels by time:
     D:1: 1379 daAuts
     D:2: 851 daAuts

Table legend:
 A = Non-vault XP
 B = Vault XP
 C = Vault XP percentage of total XP
 D = Non-vault monster count
 E = Vault monster count
 F = Vault count percentage of total count
                 A         B        C        D         E       F
            +---------+---------+-------+---------+---------+-------
      Total |      59 |       8 |  11.9 |      30 |       3 |   9.1
            +---------+---------+-------+---------+---------+-------
        D:1 |      30 |       0 |   0.0 |      15 |       0 |   0.0
        D:2 |      29 |       8 |  21.6 |      15 |       3 |  16.7
            +---------+---------+-------+---------+---------+-------
